 Dungeon Sprint DCSS version 0.22.1-1-ga44c0e56f4 (webtiles) character file.

102 Freyura the Skirmisher (level 4, -2/44 HPs)
             Began as a Demonspawn Abyssal Knight on Oct 5, 2018.
             Was a Believer of Lugonu.
             Slain by Sigmund
             ... wielding a +0 scythe
              (5 damage)
             ... in the Dungeon (Sprint I: "Red Sonja").
             The game lasted 00:01:00 (323 turns).

Freyura the Skirmisher (Demonspawn Abyssal Knight)   Turns: 323, Time: 00:01:01

Health: -2/44      AC:  6    Str: 13    XL:     4   Next: 50%
Magic:  7/7        EV: 12    Int: 13    God:    Lugonu [**....]
Gold:   54         SH:  0    Dex: 13    Spells: 3/3 levels left

rFire    + . .     SeeInvis .   a - +1 mace
rCold    . . .     Gourm    .   (no shield)
rNeg     . . .     Faith    .   k - +2 leather armour {rF+}
rPois    .         Spirit   .   (no helmet)
rElec    .         Reflect  .   (no cloak)
rCorr    .         Harm     .   (no gloves)
MR       .....     NoTele   +   (no boots)
Stlth    +.........             (no amulet)
HPRegen  0.14/turn              (no ring)
MPRegen  0.10/turn              (no ring)

@: berserk cooldown, slowed, very slow
A: hooves 1, rugged brown scales 1
a: Bend Space, Renounce Religion


You were in the Dungeon.
You worshipped Lugonu.
Lugonu was pleased with you.
You were not hungry.

You visited 1 branch You collected 54 gold pieces.

Inventory:

Hand Weapons
 a - a +1 mace (weapon)
Armour
 b - a +0 leather armour
 k - a +2 leather armour of fire resistance (worn)
Wands
 j - a wand of random effects (18)
Scrolls
 i - a scroll of blinking
Potions
 d - a potion of curing
 f - a potion of haste
 g - 2 potions of magic
Comestibles
 c - a ration


   Skills:
 + Level 7.0 Fighting
 + Level 3.9 Maces & Flails
 + Level 3.7 Armour
 + Level 1.8 Dodging
 + Level 4.2 Invocations


You had 3 spell levels left.
You didn't know any spells.
Your spell library was empty.

Dungeon Overview and Level Annotations

Branches:
Dungeon (1/1)

Altars:

Annotations:
D Sigmund


Innate Abilities, Weirdness & Mutations

You have large cloven feet.
You are partially covered in rugged brown scales. (AC +1, +3% HP)


Message History

You closely miss Sigmund. Your kick misses Sigmund.
Sigmund is heavily wounded.
Sigmund flickers, as though insubstantial.
Sigmund closely misses you.
You closely miss Sigmund.
Sigmund is heavily wounded.
Sigmund hits you with a scythe!
You hit Sigmund.
Sigmund is severely wounded.
Sigmund mumbles some strange words.
Sigmund flickers and vanishes!
Deactivating autopickup; reactivate with Ctrl-A.
Something hits you.
You miss something. You kick something. Something hits you.
You closely miss something. You kick something. Something hits you.
* * * LOW HITPOINT WARNING * * *
You barely miss something. Something hits you!
* * * LOW HITPOINT WARNING * * *
You miss something. You kick something. Something hits you.
You die...

#############
#<.#..)..#@{+
#..'..#..'..#
#..#####'####
#..# #..#
#..# ####
#..# #⌠⌠#
####


There were no monsters in sight!

Vanquished Creatures
  An ogre (D)
  Ijyb (D)
2 creatures vanquished.

Notes
Turn   | Place    | Note
-------+----------+-------------------------------------------
     0 | D        | Freyura the Demonspawn Abyssal Knight began the quest for
                  | the Orb.
     0 | D        | Reached XP level 1. HP: 18/18 MP: 2/2
     2 | D        | Noticed Ijyb
    15 | D        | Killed Ijyb
    15 | D        | Reached skill level 5 in Fighting
    15 | D        | Reached skill level 1 in Dodging
    15 | D        | Gained mutation: You have large cloven feet. [demonic
                  | ancestry]
    15 | D        | Reached XP level 2. HP: 18/27 MP: 2/4
   116 | D        | Noticed an ogre
   121 | D        | Killed an ogre
   121 | D        | Reached ** piety under Lugonu
   121 | D        | Reached skill level 7 in Fighting
   121 | D        | Reached XP level 3. HP: 19/36 MP: 4/6
   121 | D        | Gained mutation: You are partially covered in rugged brown
                  | scales. (AC +1, +3% HP) [demonic ancestry]
   121 | D        | Reached XP level 4. HP: 19/44 MP: 4/7
   306 | D        | Noticed Sigmund
   323 | D        | Slain by Sigmund

Skill      XL: |  1  2 |
---------------+-------+-----
Fighting       | 5 7 |  7.0
Maces & Flails | 2 3 |  3.9
Armour         | 2 3 |  3.7
Dodging        | 1 |  1.8
Invocations    | 3 4 |  4.2

Action                   |  1- 3 |  4- 6 || total
-------------------------+-------+-------++-------
Melee: Mace              |    16 |    13 ||    29
       Kick              |     2 |     5 ||     7
  Use: Potion            |     1 |     1 ||     2
Armor: Leather armour    |     5 |     1 ||     6
Dodge: Dodged            |     6 |     4 ||    10
